 Dungeon Crawl Stone Soup version 0.22.1-1-ga44c0e5 (webtiles) character file.

472 Torikoriko the Skirmisher (level 7, -5/75 HPs)
             Began as an Ogre Gladiator on Sept 21, 2018.
             Was a Believer of Elyvilon.
             Slain by an orc
             ... wielding a +2 scimitar of flaming
              (9 damage)
             ... on level 4 of the Dungeon.
             The game lasted 00:12:25 (4456 turns).

Torikoriko the Skirmisher (Ogre Gladiator)          Turns: 4456, Time: 00:12:25

Health: -5/75      AC:  3    Str: 19    XL:     7   Next: 9%
Magic:  1/7        EV: 12    Int:  9    God:    Elyvilon [**....]
Gold:   198        SH:  0    Dex: 12    Spells: 6/6 levels left

rFire    . . .     SeeInvis .   a - +0 flail (crush)
rCold    . . .     Gourm    .   (no shield)
rNeg     . . .     Faith    .   b - +0 robe
rPois    .         Spirit   .   c - +0 hat
rElec    .         Reflect  .   (no cloak)
rCorr    .         Harm     .   (gloves unavailable)
MR       .....                  (boots unavailable)
Stlth    +.........             (no amulet)
HPRegen  0.22/turn              (no ring)
MPRegen  0.10/turn              (no ring)

@: protection
A: large, unfitting armour, tough skin 1
a: Lesser Healing, Heal Other, Divine Protection, Renounce Religion


You were on level 4 of the Dungeon.
You worshipped Elyvilon.
Elyvilon was pleased with you.
You were not hungry.

You visited 2 branches of the dungeon, and saw 5 of its levels.

You collected 198 gold pieces.

Inventory:

Hand Weapons
 a - a +0 flail of crushing (weapon)
Missiles
 d - 3 throwing nets {!f}
 e - 4 tomahawks (quivered)
 i - 148 stones
 n - 15 poisoned needles
 o - 5 tomahawks of returning
Armour
 b - a +0 robe (worn)
 c - a +0 hat (worn)
Jewellery
 h - an uncursed amulet of magic regeneration
 p - a +3 ring of protection {unknown}
 t - a +5 ring of intelligence {unknown}
Wands
 m - a wand of enslavement (12)
Scrolls
 l - a scroll of immolation
 r - 2 scrolls of teleportation {unknown}
 s - a scroll of enchant armour {unknown}
 y - a scroll of amnesia {unknown}
Potions
 g - a potion of lignification
 k - a potion of curing
 q - a potion of flight
 u - 2 potions of brilliance
 v - a potion of might {unknown}
 x - a potion of berserk rage
Comestibles
 f - 4 rations


   Skills:
 + Level 6.0 Fighting
 + Level 4.6 Maces & Flails
 - Level 2.0 Throwing
 + Level 4.6 Dodging


You had 6 spell levels left.
You didn't know any spells.
Your spell library was empty.

Dungeon Overview and Level Annotations

Branches:
Dungeon (4/15)             Temple (1/1) D:4

Altars:
Cheibriados
Elyvilon
Gozag
Kikubaaqudgha
Makhleb
Nemelex Xobeh
Qazlal
Trog
Uskayaw
Wu Jian
Yredelemnul
Zin
The Shining One

Shops:
D:4 ?


Innate Abilities, Weirdness & Mutations

You are too large for most types of armour.
You have tough skin. (AC +1)


Message History

Heal: an orc, wielding a scimitar of flaming and wearing a shiny chain mail The light of Elyvilon fails to reach the orc.
You are starving!
The orc barely misses you. The orc wizard misses you.
You eat one of the 5 rations.
That ration really hit the spot!
The orc wizard hits you with a dagger.
* * * LOW HITPOINT WARNING * * *
The orc barely misses you. The orc wizard barely misses you.
You beseech Elyvilon to protect your life.
The orc hits you with a scimitar of flaming!
* * * LOW HITPOINT WARNING * * *
The orc burns you. Elyvilon protects you from harm!
The orc wizard barely misses you.
Press: ? - help, Dir - move target cursor, f - orc wizard, p - orc Heal: an orc wizard, wielding a dagger and wearing a robe (lightly wounded, The orc wizard is completely unfazed by your meager offer of peace.
You feel somewhat more hungry. The orc wizard barely misses you.
The orc hits you with a scimitar of flaming!
You die...

#......................
#......................
########o........######
#.....#.........#...#.
#.....'.........#...'.
#.....#.........#...#.
#.....#.........#...#.
#####+##.........######
#.....@o............###
#...!..o............#..
#...................#..
#...................#..
#...................#..
##########'#........###
..#...........
.#...........
#...........


You could see an orc wizard and an orc.

Vanquished Creatures
  2 scorpions (D:4)
  A crimson imp (D:3)
  An orc priest (D:4)
  2 hounds (D:4)
  An iguana (D:4)
  Natasha (thrice) (D:3)
  A hound skeleton (D:4)
  An adder (D:3)
  4 gnolls (D:4)
  An ooze (D:3)
  2 worms (D:3)
  5 leopard geckos
  8 orcs
  4 giant cockroaches
  6 goblins
  8 hobgoblins
  A quokka (D:3)
  A ball python (D:2)
  7 bats
  4 frilled lizards
  A jackal skeleton (D:4)
  5 kobolds
  A quokka skeleton (D:4)
  13 rats
83 creatures vanquished.

Notes
Turn   | Place    | Note
-------+----------+-------------------------------------------
     0 | D:1      | Torikoriko the Ogre Gladiator began the quest for the Orb.
     0 | D:1      | Reached XP level 1. HP: 22/22 MP: 1/1
   259 | D:1      | Reached skill level 3 in Fighting
   304 | D:1      | Reached XP level 2. HP: 28/31 MP: 2/2
   932 | D:1      | Reached XP level 3. HP: 36/37 MP: 3/3
  1114 | D:2      | Found a white marble altar of Elyvilon.
  1169 | D:2      | Became a worshipper of Elyvilon the Healer
  1795 | D:3      | Reached XP level 4. HP: 32/48 MP: 4/4
  1865 | D:3      | Reached skill level 4 in Fighting
  2092 | D:3      | Reached * piety under Elyvilon
  2098 | D:3      | Found a basalt altar of Yredelemnul.
  2124 | D:3      | Found an opulent altar of Gozag.
  2234 | D:3      | Reached XP level 5. HP: 52/55 MP: 5/5
  2499 | D:3      | Found an ancient bone altar of Kikubaaqudgha.
  2610 | D:3      | Noticed Natasha
  2621 | D:3      | Killed Natasha
  2864 | D:3      | Noticed Natasha
  2880 | D:3      | Killed Natasha
  3128 | D:3      | Found an opulent altar of Gozag.
  3166 | D:3      | Noticed Natasha
  3173 | D:3      | Killed Natasha
  3233 | D:4      | Reached skill level 5 in Fighting
  3233 | D:4      | Reached XP level 6. HP: 53/66 MP: 6/6
  3316 | D:4      | Found a staircase to the Ecumenical Temple.
  3559 | D:4      | Reached ** piety under Elyvilon
  3589 | D:4      | Found Medenlie's Magic Scroll Emporium.
  4084 | Temple   | Entered the Ecumenical Temple
  4098 | Temple   | Reached *** piety under Elyvilon
  4248 | D:4      | Reached skill level 6 in Fighting
  4248 | D:4      | Reached XP level 7. HP: 39/75 MP: 7/7
  4455 | D:4      | HP: 3/75 [orc/scimitar of flaming (7)]
  4455 | D:4      | Elyvilon protects you from harm!
  4456 | D:4      | Slain by an orc

Skill      XL: |  1  2  3  4  5  6 |
---------------+-------------------+-----
Fighting       | 3 4 5 6 |  6.0
Dodging        | 3 4 |  4.6
Maces & Flails | 3 4 |  4.6
Throwing       | |  2.0

Action                   |  1- 3 |  4- 6 |  7- 9 || total
-------------------------+-------+-------+-------++-------
Melee: Flail             |   151 |   161 |    11 ||   323
Throw: Tomahawk          |       |    16 |       ||    16
Invok: Heal Other        |       |       |     3 ||     3
       Divine Protection |       |       |     1 ||     1
  Use: Scroll            |       |     8 |       ||     8
 Stab: Sleeping          |     2 |       |       ||     2
  Eat: Chunk             |     3 |     7 |       ||    10
       Ration            |       |       |     1 ||     1
Armor: Robe              |    36 |    24 |     4 ||    64
Dodge: Dodged            |    88 |    99 |    13 ||   200
